 Dungeon Crawl Stone Soup version 0.31-a0-536-ga3e2962e35 (webtiles) character file.

Game seed: 11781502285105964428

46 CrazyBamboolord the Ducker (level 3, 0/27 HPs)
             Began as a Djinni Hedge Wizard on Aug 13, 2023.
             Slain by Terence
             ... wielding a +2 morningstar of protection
              (5 damage)
             ... on level 2 of the Dungeon.
             The game lasted 00:02:38 (1555 turns).

CrazyBamboolord the Ducker (Djinni Hedge Wizard)    Turns: 1555, Time: 00:02:39

Health: 0/27       AC:  2    Str:  6 (9)  XL:     3   Next: 92%
Gold:   116        EV: 12    Int: 15 (17) God:
                   SH:  0    Dex: 11 (12)

rFire   + + .        a - +0 dagger
rCold   x . .        (no shield)
rNeg    . . .        b - +0 robe
rPois   ∞            c - +0 hat
rElec   .            (no cloak)
rCorr   .            (no gloves)
SInv    .            (boots unavailable)
Will    .....        (no amulet)
Stlth   ++           (no ring)
HPRegen 0.24/turn    (no ring)
MPRegen 0.00/turn

%: infuse magic (-1 HP)
@: flying, invisible
A: sickness immunity, fire resistance 2, cold vulnerability 1, float, innate
caster, HP casting, extra vitality 1
a: no special abilities


You were on level 2 of the Dungeon.
You visited 1 branch of the dungeon, and saw 2 of its levels.

You collected 116 gold pieces.

Inventory:

Hand Weapons
 a - a +0 dagger (weapon)
Armour
 b - a +0 robe (worn)
 c - a +0 hat (worn)
Scrolls
 d - a scroll of fog {unknown}
 e - a scroll of blinking {unknown}
 g - a scroll of immolation {unknown}
 h - 2 scrolls of identify {unknown}
 i - 2 scrolls of revelation {unknown}
 j - a scroll of butterflies {unknown}
 m - a scroll of teleportation {unknown}


   Skills:
 * Level 1.1 Fighting
 * Level 3.1 Dodging
 * Level 2.1 Stealth
 * Level 3.0 Spellcasting
 * Level 3.0 Conjurations
 * Level 3.0 Hexes
 * Level 3.0 Summonings
 * Level 3.0 Necromancy
 * Level 3.0 Translocations
 * Level 3.0 Transmutations
 * Level 3.0 Fire Magic
 * Level 3.0 Ice Magic
 * Level 3.0 Air Magic
 * Level 3.0 Earth Magic
 * Level 3.0 Poison Magic


You knew the following spells:

 Your Spells              Type           Power      Damage    Failure   Level
a - Magic Dart            Conj           44%        1d5       6%          1
b - Slow                  Hex            44%        N/A       6%          1
c - Blink                 Tloc           22%        N/A       9%          2
d - Call Imp              Summ           22%        N/A       9%          2
e - Mephitic Cloud        Conj/Pois/Air  11%        N/A       17%         3
f - Apportation           Tloc           22%        N/A       6%          1
Your spell library was empty.

Dungeon Overview and Level Annotations

Branches:
Dungeon (2/15)

Altars:

Annotations:
D:2 1 runed translucent door, Crazy Yiuf, Terence


Innate Abilities, Weirdness & Mutations

You are immune to sickness and miasma.
You are immune to poison.
Your flesh is very heat resistant. (rF++)
You are vulnerable to cold. (rC-)
You float through the air rather than walking.
You learn spells naturally, not from books.
Your magical power is your life essence.
You have superior vitality. (+4 MHP)


Message History

The magic dart hits Terence.
Terence is almost dead.
Your cerulean imp hits the kobold with a -3 spear.
The kobold dies!
The magic dart hits Terence but does no damage.
Terence is almost dead.
The magic dart hits Terence but does no damage.
Terence is almost dead.
Terence is no longer moving slowly.
Your cerulean imp hits Terence but does no damage.
The magic dart hits Terence but does no damage.
Terence is almost dead.
The magic dart hits Terence but does no damage.
Terence is almost dead.
Terence says, "Did you write a will?
You should..."
Terence hits you with a +2 morningstar of protection!
* * * LOW HITPOINT WARNING * * *
Your cerulean imp barely misses Terence.
You are too injured to fight recklessly!
Unknown command.
It was a potion of degeneration.
There was something very wrong with that liquid.
You feel weakened.
You feel dopey.
You feel clumsy.
Your cerulean imp barely misses Terence.
Terence shouts, "Now you die!" Terence barely misses you.
It was a potion of magic.
Magic washes over you without effect.
Your cerulean imp disappears in a puff of smoke!
Terence misses you.
It was a potion of invisibility.
You fade into invisibility!
Terence hits you with a +2 morningstar of protection.
* * * LOW HITPOINT WARNING * * *
You hit Terence but do no damage.
Terence is almost dead.
Terence misses you.
You hit Terence but do no damage.
Terence is almost dead.
Terence hits you with a +2 morningstar of protection.
You die...

#.# #...†..).....# #.#
##.####.###### #.#
##'## #.# ##...## #.##
##.....## #..###
##.......##
######....###.........#
............'.........+
######....###...@@....#
##.#.# ##.......##
###.# ##.....## #.#
##...## #.# ##+## #.#
#.# #.# ...


You could see Terence (unable to see you).

Vanquished Creatures
  A worm (D:2)
  A dart slug (D:1)
  4 endoplasms (D:1)
  4 giant cockroaches
  2 goblins (D:1)
  5 hobgoblins
  3 kobolds
  5 ball pythons
  3 bats
  5 frilled lizards (D:1)
  4 rats
37 creatures vanquished.

Vanquished Creatures (collateral kills)
  A kobold (D:2)
1 creature vanquished.

Grand Total: 38 creatures vanquished

Notes
Turn   | Place    | Note
-------+----------+-------------------------------------------
     0 | D:1      | CrazyBamboolord the Djinni Hedge Wizard began the quest for
                  | the Orb.
     0 | D:1      | CrazyBamboolord set off with the following spells
                  | memorised: Magic Dart, Slow, Blink, Call Imp, Mephitic
                  | Cloud.
     0 | D:1      | Reached XP level 1. HP: 15/15 MP: 0/0
   131 | D:1      | Reached XP level 2. HP: 20/21 MP: 0/0
   367 | D:1      | Reached XP level 3. HP: 25/26 MP: 0/0
   367 | D:1      | Learned a level 1 spell: Apportation
   368 | D:1      | Found a faded altar of an unknown god.
  1196 | D:2      | Reached skill level 1 in Fighting
  1381 | D:2      | Found a runed translucent door.
  1382 | D:2      | Noticed Crazy Yiuf
  1508 | D:2      | Noticed Terence
  1555 | D:2      | Slain by Terence

Illustrated notes

Levels and vault maps discovered:
D:1:      nzn_arrival_depleted_hourglass, layout_basic,
          nicolae_ecumenical_lake_church, minmay_misc_feat_columns,
          hangedman_glass_teeth
D:2:      minmay_chambers_of_ones, layout_loops_corners, reono_crystal_passage,
          uniq_crazy_yiuf_cottage, uniq_terence

Skill      XL: |  1  2  3 |
---------------+----------+-----
Stealth        | 2 |  2.1
Spellcasting   | 3 |  3.0
Conjurations   | 3 |  3.0
Hexes          | 3 |  3.0
Summonings     | 3 |  3.0
Necromancy     | 3 |  3.0
Translocations | 3 |  3.0
Transmutations | 3 |  3.0
Fire Magic     | 3 |  3.0
Ice Magic      | 3 |  3.0
Air Magic      | 3 |  3.0
Earth Magic    | 3 |  3.0
Poison Magic   | 3 |  3.0
Dodging        | 3 |  3.1
Fighting       | 1 |  1.1

Action                     || total
---------------------------++-------
  Melee: Dagger            ||     2
   Cast: Magic Dart        ||   100
         Call Imp          ||     2
         Slow              ||     1
         Mephitic Cloud    ||     1
    Use: Potion            ||     3
 Armour: Robe              ||     2
  Dodge: Dodged            ||    21

Table legend: (Time is in decaauts)
 A = Elapsed time spent in this place.
 B = Non-inter-level travel time spent in this place.
 C = Inter-level travel time spent in this place.
 D = Time resting spent in this place.
 E = Time spent auto-exploring this place.
 F = Levels seen in this place.
 G = Mean time per level.
                   A        B        C        D        E       F      G
               +--------+--------+--------+--------+--------+-----+--------+
         Total |   1554 |   1509 |     45 |      0 |   1304 |   2 |  777.0 |
       Dungeon |   1554 |   1509 |     45 |      0 |   1304 |   2 |  777.0 |
               +--------+--------+--------+--------+--------+-----+--------+

Top non-repeatable levels by time:
     D:1: 841 daAuts
     D:2: 713 daAuts
